 Dungeon Crawl Stone Soup version 0.31-a0-702-gf82c85558f (webtiles) character file.

Game seed: 17546427609633578794

264494 Newt the Crack Shot (level 21, -1/146 HPs)
             Began as a Kobold Hunter on Sept 8, 2023.
             Was the Champion of Okawaru.
             Slain by a pharaoh ant (16 damage)
             ... while petrified by Jorgrun
             ... on level 3 of the Spider Nest.
             The game lasted 00:56:11 (36604 turns).

Newt the Crack Shot (Kobold Hunter)                Turns: 36604, Time: 00:56:11

Health: -1/146     AC: 14    Str: 14 (15) XL:     21   Next: 31%
Magic:  0/28       EV:  0    Int: 11      God:    Okawaru [******]
Gold:   3109       SH:  0    Dex: 23 (25) Spells: 20/20 levels left

rFire   . . .        b - +9 hand cannon (drain)
rCold   + + .        P - +5 kite shield {reflect}
rNeg    + + +        u - +1 ring mail of the Arena {Regen+ Slay+3 Stlth+}
rPois   ∞            V - +2 hat
rElec   .            k - scarf of Mutualism {repulsion, rN+}
rCorr   +            t - +1 pair of gloves of Existentialism {+Blink}
SInv    .            G - +0 pair of boots of Waogiwurph {rPois Slay+2}
Will    +....        x - amulet of Yntoc {Faith -Cast rC++ Regen+ Dex+3}
Stlth   +++          r - ring of flight
HPRegen 2.04/turn    o - ring of resist corrosion
MPRegen 0.21/turn

%: no spellcasting, repel missiles, reflection, faith
@: confused, petrified, grasped by roots, flying, constricted
A: small, no large weapons, nightstalker 3, hooves 1, large bone plates 1,
inability to read after injury 1
}: 1/15 runes: barnacled
a: Renounce Religion, Evoke Blink, Heroism, Finesse, Duel


You were on level 3 of the Spider Nest.
You worshipped Okawaru.
Okawaru was exalted by your worship.
You visited 7 branches of the dungeon, and saw 33 of its levels.
You visited the Abyss 2 times.

You collected 4551 gold pieces.
You spent 1442 gold pieces at shops.

Inventory:

Hand Weapons
 a - the +9 sling of Desertification {heavy, Dex+5}
   (You found it on level 2 of the Dungeon)

   Dex+5:     It affects your dexterity (+5).
 b - a +9 hand cannon of draining (weapon)
Missiles
 E - 3 throwing nets
Armour
 c - the +5 leather armour of Indomitability {Will+ Dex+3 Slay-2}
   (You found it on level 4 of the Shoals)

   Dex+3:     It affects your dexterity (+3).
   Slay-2:    It affects your accuracy & damage with ranged weapons and melee
   (-2).
   Will+:     It increases your willpower.
 k - the scarf of Mutualism (worn) {repulsion, rN+}
   (Okawaru gifted it to you on level 2 of the Abyss)

   rN+:       It protects you from negative energy.
 s - a scarf of resistance
 t - the +1 pair of gloves of Existentialism (worn) {+Blink}
   (Okawaru gifted it to you on level 3 of the Lair of Beasts)

   +Blink:    It lets you blink.
 u - the +1 ring mail of the Arena (worn) {Regen+ Slay+3 Stlth+}
   (Okawaru gifted it to you on level 13 of the Dungeon)

   Slay+3:    It affects your accuracy & damage with ranged weapons and melee
   (+3).
   Regen+:    It increases your rate of health regeneration.
   Stlth+:    It makes you more stealthy.
 G - the +0 pair of boots of Waogiwurph (worn) {rPois Slay+2}
   (Okawaru gifted it to you on level 5 of the Lair of Beasts)

   Slay+2:    It affects your accuracy & damage with ranged weapons and melee
   (+2).
   rPois:     It protects you from poison
 P - a +5 kite shield of reflection (worn)
 S - the +3 pair of boots "Wiodoc" {rElec rN+}
   (Okawaru gifted it to you on level 11 of the Dungeon)

   rElec:     It insulates you from electricity.
   rN+:       It protects you from negative energy.
 V - a +2 hat (worn)
Jewellery
 g - a ring of protection from fire
 h - a ring of willpower
 n - the ring "Uffemema" {rC+ Dex+6}
   (You took it off a deep elf annihilator on level 3 of the Elven Halls)

   [ring of dexterity]

   Dex+6:     It affects your dexterity (+6).
   rC+:       It protects you from cold.
 o - a ring of resist corrosion (right hand)
 p - a ring of protection from fire
 r - a ring of flight (left hand)
 x - the amulet of Yntoc (around neck) {Faith -Cast rC++ Regen+ Dex+3}
   (You found it on level 10 of the Dungeon)

   [amulet of faith]

   Faith:     It allows you to gain divine favour quickly.
   Dex+3:     It affects your dexterity (+3).
   rC++:      It greatly protects you from cold.
   -Cast:     It prevents spellcasting.
   Regen+:    It increases your rate of health regeneration.
 y - an amulet of reflection
 Q - a ring of willpower
 Y - a +4 ring of protection
 Z - a ring of protection from fire
Wands
 j - a wand of acid (9)
 I - a wand of paralysis (23)
 M - a wand of roots (34)
 T - a wand of polymorph (8)
 U - a wand of mindburst (31)
 X - a wand of flame (60)
Scrolls
 e - 15 scrolls of teleportation
 f - 3 scrolls of poison
 v - 3 scrolls of enchant weapon
 C - 6 scrolls of identify
 H - 3 scrolls of silence
 K - 3 scrolls of revelation
 L - 4 scrolls of blinking
 N - a scroll of enchant armour
 O - 3 scrolls of fear
Potions
 d - 13 potions of curing
 i - 2 potions of heal wounds
 m - 5 potions of might
 w - 2 potions of magic
 z - 2 potions of mutation
 A - 5 potions of enlightenment
 B - 2 potions of cancellation
 D - a potion of invisibility {unknown}
 F - 6 potions of ambrosia
 R - 3 potions of haste
 W - 2 potions of resistance
Miscellaneous
 l - a tin of tremorstones (2/2)
 q - a phial of floods
 J - a lightning rod (4/4)


   Skills:
 - Level 20.0 Fighting
 - Level 25.0 Ranged Weapons
 + Level 10.3 Armour
 - Level 16.0 Dodging
 - Level 10.0 Stealth
 - Level 10.0 Shields
 - Level 10.0 Invocations
 - Level 15.0 Evocations


You had 20 spell levels left.
You didn't know any spells.
Your spell library contained the following spells:

 Spells                   Type           Power      Damage    Failure   Level
 Apportation              Tloc           0%         N/A       82%         1
 Foxfire                  Conj/Fire      0%         2x1d4     82%         1
 Freeze                   Ice            0%         1d3       82%         1
 Magic Dart               Conj           0%         1d3       82%         1
 Necrotise                Necr           0%         1d4       82%         1
 Slow                     Hex            0%         N/A       82%         1
 Blink                    Tloc           0%         N/A       91%         2
 Jinxbite                 Hex            0%         N/A       91%         2
 Lesser Beckoning         Tloc           0%         N/A       91%         2
 Momentum Strike          Conj/Tloc      0%         3d8       91%         2
 Sublimation of Blood     Necr           0%         N/A       91%         2
 Wereblood                Tmut           0%         N/A       91%         2
 Confusing Touch          Hex            0%         N/A       99%         3
 Dazzling Flash           Conj/Hex       0%         N/A       99%         3
 Frozen Ramparts          Ice            0%         1d1       99%         3
 Gell's Gravitas          Tloc           0%         N/A       99%         3
 Hailstorm                Conj/Ice       0%         3d3       99%         3
 Ignite Poison            Fire/Tmut/Pois 0%         N/A       99%         3
 Inner Flame              Hex/Fire       0%         N/A       99%         3
 Mephitic Cloud           Conj/Pois/Air  0%         N/A       99%         3
 Sigil of Binding         Hex            0%         N/A       99%         3
 Teleport Other           Tloc           0%         N/A       99%         3
 Vampiric Draining        Necr           0%         2d6       99%         3
 Dimensional Bullseye     Hex/Tloc       0%         N/A       100%        4
 Flame Wave               Conj/Fire      0%         2d4       100%        4
 Iskenderun's Mystic Bla  Conj/Tloc      0%         2d3       100%        4
 Leda's Liquefaction      Hex/Erth       0%         N/A       100%        4
 Passage of Golubria      Tloc           0%         N/A       100%        4
 Petrify                  Tmut/Erth      0%         N/A       100%        4
 Vhi's Electric Charge    Tloc/Air       0%         N/A       100%        4
 Agony                    Necr           0%         N/A       100%        5
 Alistair's Intoxication  Tmut/Pois      0%         N/A       100%        5
 Arcjolt                  Conj/Air       0%         1d10      100%        5
 Fireball                 Conj/Fire      0%         3d3       100%        5
 Irradiate                Conj/Tmut      0%         3d11      100%        5
 Iskenderun's Battlesphe  Conj           0%         2d6       100%        5
 Lee's Rapid Deconstruct  Erth           0%         3d4*      100%        5
 Silence                  Hex/Air        0%         N/A       100%        5
 Yara's Violent Unravell  Hex/Tmut       0%         3d3       100%        5
 Eringya's Noxious Bog    Tmut/Pois      0%         4d6       100%        6
 Leda's Unmaking          Conj/Erth      0%         9d1       100%        6
 Plasma Beam              Fire/Air       0%         2x1d10    100%        6
 Enfeeble                 Hex            0%         N/A       100%        7
 Orb of Destruction       Conj           0%         9d5       100%        7
 Borgnjor's Revivificati  Necr           0%         N/A       100%        8
 Maxwell's Capacitive Co  Air            0%         ∞         100%        8
 Chain Lightning          Conj/Air       0%         N/A       100%        9
 Death's Door             Necr           0%         N/A       100%        9
 Summon Small Mammal      Summ           Unusable   N/A       N/A         1
 Summon Guardian Golem    Hex/Summ       Unusable   N/A       N/A         3
 Tukima's Dance           Hex            Unusable   N/A       N/A         3
 Animate Armour           Summ/Erth      Unusable   N/A       N/A         4
 Summon Lightning Spire   Summ/Air       Unusable   N/A       N/A         4
 Summon Forest            Summ/Tloc      Unusable   N/A       N/A         5
 Haunt                    Necr/Summ      Unusable   N/A       N/A         7
 Spellforged Servitor     Conj/Summ      Unusable   N/A       N/A         7
 Summon Hydra             Summ           Unusable   N/A       N/A         7
 Summon Horrible Things   Summ           Unusable   N/A       N/A         8

Dungeon Overview and Level Annotations

Branches:
Dungeon (15/15)            Temple (1/1) D:4            Lair (5/5) D:9
 Shoals (4/4) Lair:3       Spider (3/4) Lair:3        Slime (0/5) Lair:5
    Orc (2/2) D:10            Elf (3/3) Orc:2        Vaults (0/5) D:13
 Depths (0/4) D:15

Altars:
Ashenzari
Cheibriados
Dithmenos
Elyvilon
Fedhas
Gozag
Hepliaklqana
Kikubaaqudgha
Makhleb
Nemelex Xobeh
Okawaru
Qazlal
Ru
Sif Muna
Trog
Uskayaw
Vehumet
Wu Jian
Xom
Yredelemnul
Zin
The Shining One
Jiyva
Lugonu

Shops:
D:1 :   D:3 :   D:7 (:   Orc:2 [[*:   Elf:1 (?:=::   Elf:2 :!   Elf:3 *

Portals:
Abyss: Lair:5

Annotations:
D:7 2 transporters
Spider:3 Jorgrun
Elf:1 6 runed translucent doors
Elf:2 1 runed translucent door


Innate Abilities, Weirdness & Mutations

You are small and have problems with some larger weapons.
You are completely attuned to the shadows.
You have large cloven feet.
You are partially covered in large bone plates. (SH +4)
You occasionally lose the ability to read scrolls when taking damage.


Message History

The grasping roots constrict you. The tarantella touches you.
A jumping spider comes into view.
The pharaoh ant bites you!!
You feel you are being watched by something.
Something hits you but does no damage. Something hits you!
Something stings you but does no damage.
The jumping spider's many legs skitter faintly.
You hear a skittering sound.
The tarantella touches you. The pharaoh ant bites you!
Something hits you but does no damage. x2; Something stings you.
You feel clumsy.
The orb spider begins to weave its threads into a brightly glowing ball.
Jorgrun hits you but does no damage. The grasping roots constrict you!
* * * LOW HITPOINT WARNING * * *
A wolf spider comes into view.
The tarantella touches you.
* * * LOW HITPOINT WARNING * * *
You are confused.
The pharaoh ant bites you!!
* * * LOW HITPOINT WARNING * * *
Something hits you.
* * * LOW HITPOINT WARNING * * *
Something hits you but does no damage.
Something stings you but does no damage.
The tarantella touches you but does no damage.
The pharaoh ant bites you!
* * * LOW HITPOINT WARNING * * *
You feel you are being watched by something.
Something hits you.
* * * LOW HITPOINT WARNING * * *
You feel clumsy. Something hits you but does no damage. Something stings you.
* * * LOW HITPOINT WARNING * * *
Jorgrun hits you with a +0 heavy quarterstaff!
* * * LOW HITPOINT WARNING * * *
The grasping roots constrict you!
* * * LOW HITPOINT WARNING * * *
The tarantella touches you but does no damage.
The pharaoh ant bites you!!
You die...

..^...#..
.s.......
....s....
#..g.Bs..
.s..@..s.
...s.....
...s....#
...#^....
.........


You could see Jorgrun (drained), a wolf spider, 3 orb spiders, a pharaoh ant, a
jumping spider, a tarantella and a redback.

Vanquished Creatures
  Saint Roka (Elf:3)
  A bone dragon (Abyss:2)
  A profane servitor (Abyss:2)
  Arachne (Spider:2)
  Rupert (Lair:4)
  3 deep elf blademasters
  2 deep elf master archers (Elf:3)
  A quicksilver dragon (shapeshifter) (D:13)
  4 tentacled starspawn (Abyss:2)
  2 krakens
  Roxanne (Spider:2)
  4 deep elf sorcerers (Elf:3)
  A ghost moth (Spider:1)
  Louise (Elf:3)
  4 deep elf elementalists (Elf:3)
  An angel (Shoals:3)
  3 orc warlords (Orc:1)
  A cacodemon (Abyss:2)
  A stone giant (D:15)
  3 broodmothers (Spider:1)
  2 very ugly things (Abyss:2)
  5 deep elf demonologists
  5 deep elf annihilators
  A lorocyproca (Abyss:2)
  7 spark wasps
  Josephine (D:13)
  2 deep elf death magi (Elf:3)
  An entropy weaver (Spider:1)
  16 merfolk impalers
  5 merfolk javelineers (Shoals:4)
  2 deep elf high priests (Elf:3)
  A rakshasa (Abyss:2)
  A great orb of eyes (Abyss:2)
  4 hydras
  2 radroaches
  3 merfolk avatars
  6 merfolk aquamancers
  38 dancing weapons
  5 centaur warriors
  4 satyrs
  2 boulder beetles
  3 two-headed ogres
  5 orc high priests (Orc:2)
  3 tengu warriors
  5 death yaks (Lair:5)
  4 thrashing horrors (Lair:5)
  7 demonic crawlers
  A holy swine (Shoals:4)
  2 wretched stars (Abyss:2)
  A soul eater (Abyss:2)
  17 deep elf knights
  10 sea snakes
  5 skysharks
  A sixfirhy (Abyss:2)
  Lodul (D:11)
  A pharaoh ant (Spider:2)
  2 cherubim (Shoals:4)
  5 orb spiders (Spider:2)
  11 deep elf archers
  17 deep elf zephyrmancers
  A wizard (D:14)
  4 starcursed masses (Abyss:2)
  24 harpies
  12 orc knights
  11 wolf spiders
  5 large abominations
  3 oklob plants
  36 deep elf pyromancers
  A faun (shapeshifter) (D:13)
  5 ugly things
  6 cyclopes
  15 manticores
  5 orc sorcerers
  16 elephants
  7 fauns
  An apocalypse crab (Abyss:2)
  11 water nymphs
  8 merfolk sirens
  A black mamba (Lair:1)
  A smoke demon (Lair:5)
  2 gargoyles
  11 cane toads
  A torpor snail (Lair:4)
  A rime drake (Lair:1)
  4 unseen horrors
  An efreet (Abyss:2)
  6 komodo dragons
  3 kobold demonologists
  A yaktaur (D:14)
  A tengu conjurer (D:14)
  30 merfolk
  3 meliai (D:14)
  6 trolls
  3 polar bears
  A harpy skeleton (Abyss:2)
  3 raiju
  11 tarantellas
  A hornet (D:10)
  22 dream sheep
  9 wind drakes
  58 blink frogs
  15 snapping turtles
  17 jumping spiders
  A spriggan (Lair:1)
  3 shadows
  10 slime creatures
  2 air elementals
  A centaur simulacrum (D:14)
  6 wyverns
  18 water elementals
  16 culicivoras
  7 wraiths
  75 yaks
  The ghost of epsilonplus the Shooter, an amateur MiWn of Lugonu (D:3)
  A ynoxinul (Lair:5)
  11 basilisks
  A steam dragon (D:9)
  3 chaos spawn (Lair:5)
  13 redbacks
  9 wargs
  2 acid dragons
  13 water moccasins
  An ice beast (shapeshifter) (D:15)
  51 orc warriors
  Duvessa (D:7)
  4 black bears
  15 ogres
  2 black bears (shapeshifter)
  A tengu (shapeshifter) (D:13)
  30 wolves
  3 phantoms
  13 centaurs
  10 bullfrogs
  2 earth elementals (Elf:1)
  A scorpion (D:7)
  4 wights (D:8)
  Dowan (D:7)
  8 killer bees
  4 howler monkeys
  18 small abominations
  2 electric eels (Lair:4)
  3 jellies
  4 hounds
  28 orc priests
  Crazy Yiuf (D:4)
  A gnoll bouda (Orc:2)
  4 iguanas
  Natasha (thrice) (D:3)
  25 orc wizards
  4 gnolls (Orc:2)
  11 adders
  3 shadow imps
  2 white imps
  A worm (D:10)
  2 dart slugs (D:1)
  114 orcs
  9 bats
  5 endoplasms
  2 giant cockroaches (D:1)
  7 goblins
  8 hobgoblins
  10 kobolds
  3 quokkas
  6 ball pythons
  6 frilled lizards
  A rat (D:1)
  3 starspawn tentacles (Abyss:2)
  4 tentacles
1268 creatures vanquished.

Vanquished Creatures (others)
  A deep elf knight (Elf:2)
  A sun moth (Spider:2)
  A culicivora (Spider:2)
  2 orc wizards
  13 starspawn tentacles (Abyss:2)
  31 tentacles
49 creatures vanquished.

Grand Total: 1317 creatures vanquished

Notes
Turn   | Place    | Note
-------+----------+-------------------------------------------
     0 | D:1      | Newt the Kobold Hunter began the quest for the Orb.
     0 | D:1      | Reached XP level 1. HP: 12/12 MP: 1/1
     7 | D:1      | Noticed a six-headed hydra
     7 | D:1      | Noticed a komodo dragon
     7 | D:1      | Noticed a black bear
    32 | D:1      | Reached XP level 2. HP: 7/18 MP: 2/2
   308 | D:1      | Found Puywn's Book Shop.
   411 | D:1      | Reached XP level 3. HP: 23/23 MP: 3/3
   900 | D:1      | Noticed a salamander
  1110 | D:2      | Identified a scroll of acquirement
  1112 | D:2      | Acquired a +5 orcbow of freezing
  1138 | D:2      | Reached XP level 4. HP: 30/30 MP: 4/4
  1537 | D:2      | Identified the +9 sling of Desertification {heavy, Dex+5}
  1601 | D:2      | Reached skill level 5 in Fighting
  2124 | D:3      | Found Sazasaj's Book Shop.
  2224 | D:3      | Noticed Natasha
  2226 | D:3      | Killed Natasha
  2227 | D:3      | Reached XP level 5. HP: 29/35 MP: 5/5
  2261 | D:3      | Found a runed translucent door.
  2301 | D:3      | Reached skill level 6 in Ranged Weapons
  2565 | D:3      | Noticed Natasha
  2569 | D:3      | Killed Natasha
  2582 | D:3      | Found a white marble altar of Elyvilon.
  2693 | D:3      | Reached skill level 7 in Ranged Weapons
  2693 | D:3      | Reached XP level 6. HP: 40/40 MP: 6/6
  2872 | D:3      | Noticed epsilonplus's ghost (amateur MiWn)
  2878 | D:3      | Killed epsilonplus's ghost
  2879 | D:3      | Reached skill level 8 in Ranged Weapons
  2901 | D:3      | Noticed Natasha
  2903 | D:3      | Killed Natasha
  3059 | D:4      | Reached XP level 7. HP: 44/44 MP: 7/7
  3067 | D:4      | Found a staircase to the Ecumenical Temple.
  3078 | Temple   | Entered the Ecumenical Temple
  3097 | Temple   | Became a worshipper of Warmaster Okawaru
  3261 | D:4      | Reached skill level 9 in Ranged Weapons
  3764 | D:4      | Found a runed translucent door.
  3767 | D:4      | Noticed Crazy Yiuf
  3770 | D:4      | Killed Crazy Yiuf
  3771 | D:4      | Reached skill level 10 in Ranged Weapons
  4171 | D:5      | Entered Level 5 of the Dungeon
  4266 | D:5      | Acquired a manual of Fighting
  4359 | D:5      | Found a sacrificial altar of Ru.
  4359 | D:5      | Found a hazy altar of Hepliaklqana.
  4517 | D:5      | Reached * piety under Okawaru
  4518 | D:5      | Reached XP level 8. HP: 42/49 MP: 8/8
  4521 | D:5      | Reached skill level 5 in Dodging
  5509 | D:6      | Found a burning altar of Makhleb.
  5838 | D:6      | Noticed a shadow
  5841 | D:6      | Killed a shadow
  5841 | D:6      | Reached ** piety under Okawaru
  5842 | D:6      | Reached XP level 9. HP: 62/62 MP: 9/9
  5974 | D:7      | Found a transporter.
  6013 | D:7      | Reached skill level 10 in Fighting
  6063 | D:7      | Found a transporter.
  6108 | D:7      | Reached skill level 11 in Ranged Weapons
  6136 | D:7      | Noticed Dowan
  6138 | D:7      | Noticed Duvessa
  6143 | D:7      | Killed Duvessa
  6154 | D:7      | Killed Dowan
  6480 | D:7      | Reached skill level 12 in Ranged Weapons
  6574 | D:7      | Reached *** piety under Okawaru
  7015 | D:7      | Found Giwnej's Antique Weapon Emporium.
  7107 | D:7      | Found Gyehivud's Book Shoppe.
  7307 | D:7      | Found a shadowy altar of Dithmenos.
  7436 | D:8      | Found a stormy altar of Qazlal.
  7468 | D:8      | Reached skill level 13 in Ranged Weapons
  7637 | D:8      | Found an opulent altar of Gozag.
  7730 | D:8      | Reached XP level 10. HP: 68/68 MP: 10/10
  7828 | D:8      | Reached skill level 14 in Ranged Weapons
  8454 | D:9      | Reached skill level 15 in Ranged Weapons
  8454 | D:9      | Reached **** piety under Okawaru
  8816 | D:9      | Reached ***** piety under Okawaru
  8826 | D:9      | Reached XP level 11. HP: 75/80 MP: 11/11
  8845 | D:9      | Found a bloodstained altar of Trog.
  8856 | D:9      | Found a hide-covered altar of Uskayaw.
  8971 | D:9      | Found a staircase to the Lair.
  9055 | D:9      | Reached skill level 15 in Fighting
  9361 | D:10     | Entered Level 10 of the Dungeon
  9431 | D:10     | Found a staircase to the Orcish Mines.
  9613 | D:10     | Identified the amulet of Yntoc {Faith -Cast rC++ Regen+
                  | Dex+3}
  9851 | D:10     | Found a snail-covered altar of Cheibriados.
  9913 | D:10     | Reached skill level 10 in Dodging
 10187 | D:11     | Received a gift from Okawaru
 10196 | D:11     | Reached ****** piety under Okawaru
 10214 | D:11     | Noticed a sixfirhy
 10494 | D:11     | Reached skill level 1 in Invocations
 10521 | D:11     | Noticed Lodul
 10527 | D:11     | Killed Lodul
 10527 | D:11     | Identified the +3 pair of boots "Wiodoc" {rElec rN+}
                  | (Okawaru gifted it to you on level 11 of the Dungeon)
 10527 | D:11     | Received a gift from Okawaru
 10528 | D:11     | Reached XP level 12. HP: 87/87 MP: 12/14
 10707 | D:11     | Reached skill level 5 in Invocations
 11400 | D:12     | Noticed a two-headed ogre
 11402 | D:12     | Killed a two-headed ogre
 11749 | D:12     | Identified the +10 hand axe of Disembowelment {freeze,
                  | rPois rCorr}
 12229 | D:13     | Noticed a two-headed ogre
 12233 | D:13     | Killed a two-headed ogre
 12242 | D:13     | Identified the +3 fire dragon scales "Jaqy" {rF++ rC-
                  | Dex+2} (Okawaru gifted it to you on level 13 of the
                  | Dungeon)
 12242 | D:13     | Received a gift from Okawaru
 12242 | D:13     | Noticed a centaur warrior
 12246 | D:13     | Killed a centaur warrior
 12253 | D:13     | Noticed Josephine
 12262 | D:13     | Killed Josephine
 12263 | D:13     | Reached skill level 10 in Invocations
 12263 | D:13     | Reached skill level 1 in Shields
 12325 | D:13     | Noticed a centaur warrior
 12327 | D:13     | Killed a centaur warrior
 12442 | D:13     | Reached XP level 13. HP: 92/92 MP: 20/20
 12465 | D:13     | Noticed a four-headed hydra
 12469 | D:13     | Killed a four-headed hydra
 12480 | D:13     | Reached skill level 5 in Shields
 12538 | D:13     | Identified the +1 ring mail of the Arena {Regen+ Slay+3
                  | Stlth+} (Okawaru gifted it to you on level 13 of the
                  | Dungeon)
 12538 | D:13     | Received a gift from Okawaru
 12578 | D:13     | Found a gate to the Vaults.
 12656 | D:13     | Noticed a five-headed hydra
 12664 | D:13     | Killed a five-headed hydra
 12760 | D:13     | Found a blossoming altar of Fedhas.
 13052 | D:13     | Noticed a quicksilver dragon
 13065 | D:13     | Killed a quicksilver dragon
 13066 | D:13     | Reached skill level 5 in Evocations
 13292 | D:14     | Noticed a centaur warrior
 13295 | D:14     | Killed a centaur warrior
 13603 | D:14     | Noticed a centaur warrior
 13611 | D:14     | Killed a centaur warrior
 14051 | Lair:1   | Entered Level 1 of the Lair of Beasts
 14209 | Lair:1   | Received a gift from Okawaru
 14210 | Lair:1   | Reached skill level 10 in Evocations
 14230 | Lair:1   | Reached XP level 14. HP: 98/98 MP: 18/21
 14268 | Lair:1   | Reached skill level 16 in Ranged Weapons
 15011 | Lair:1   | Reached skill level 17 in Ranged Weapons
 15014 | Lair:1   | Received a gift from Okawaru
 16568 | Lair:3   | Reached skill level 18 in Ranged Weapons
 16612 | Lair:3   | Found a hole to the Spider Nest.
 16850 | Lair:3   | Reached skill level 19 in Ranged Weapons
 17235 | Lair:3   | Found a staircase to the Shoals.
 17242 | Lair:3   | Identified the +1 pair of gloves of Existentialism {+Blink}
                  | (Okawaru gifted it to you on level 3 of the Lair of Beasts)
 17242 | Lair:3   | Received a gift from Okawaru
 17487 | Lair:4   | Reached skill level 20 in Ranged Weapons
 17533 | Lair:4   | Reached skill level 1 in Armour
 17559 | Lair:4   | Reached XP level 15. HP: 103/103 MP: 22/22
 17701 | Lair:4   | Noticed Rupert
 17725 | Lair:4   | Killed Rupert
 17826 | Lair:4   | Reached skill level 5 in Armour
 17871 | Lair:4   | Received a gift from Okawaru
 18539 | Lair:5   | Entered Level 5 of the Lair of Beasts
 18897 | Lair:5   | Received a gift from Okawaru
 19234 | Lair:5   | Identified the +0 pair of boots of Waogiwurph {rPois
                  | Slay+2} (Okawaru gifted it to you on level 5 of the Lair of
                  | Beasts)
 19234 | Lair:5   | Received a gift from Okawaru
 19242 | Lair:5   | Reached XP level 16. HP: 94/108 MP: 23/23
 19314 | Lair:5   | Reached skill level 10 in Armour
 19317 | Lair:5   | Found a corrupted altar of Lugonu.
 19322 | Lair:5   | Found a one-way gate to the infinite horrors of the Abyss.
 19657 | Lair:5   | Found a viscous altar of Jiyva.
 19663 | Lair:5   | Found a staircase to the Slime Pits.
 20206 | Orc:1    | Entered Level 1 of the Orcish Mines
 20404 | Orc:1    | Received a gift from Okawaru
 20504 | Orc:1    | Identified the +2 robe "Ekhluha" {Contam +Blink Int+2
                  | Dex+5}
 20529 | Orc:1    | Identified the ring "Usigeemn" {+Blink rN+ rCorr Int+6
                  | Slay-5}
 20935 | Orc:1    | Got the Handbook of Shapes and the Lithosphere
 20936 | Orc:1    | Identified the +3 ring mail of Eternity {Dex+3 Stlth+}
 20998 | Orc:2    | Entered Level 2 of the Orcish Mines
 21325 | Orc:2    | Found a staircase to the Elven Halls.
 21482 | Abyss:2  | Cast into level 2 of the Abyss (orc knight)
 21522 | Abyss:2  | Paralysed by accursed screaming for 1 turns
 21549 | Abyss:2  | Found a corrupted altar of Lugonu.
 21649 | Abyss:2  | Identified the scarf of Mutualism {repulsion, rN+} (Okawaru
                  | gifted it to you on level 2 of the Abyss)
 21649 | Abyss:2  | Received a gift from Okawaru
 21698 | Abyss:2  | Noticed a tentacled starspawn
 21700 | Abyss:2  | Noticed a lich
 21701 | Abyss:2  | Reached skill level 10 in Shields
 21709 | Abyss:2  | Noticed a daeva
 21730 | Abyss:2  | Killed a tentacled starspawn
 21746 | Orc:2    | Escaped the Abyss
 21769 | Orc:2    | Reached skill level 5 in Stealth
 21928 | Orc:2    | Found Funuq's Book Boutique.
 21929 | Orc:2    | Found Doileruf's General Store.
 21930 | Orc:2    | Found Imaesadgh's Antique Armour Boutique.
 21930 | Orc:2    | Found Jishri's Armour Boutique.
 21933 | Orc:2    | Bought a distressingly furry leather armour for 259 gold
                  | pieces
 21933 | Orc:2    | Identified the +1 leather armour "Gor Rahe" {rF- rN++
                  | Dex+6} (You bought it in a shop on level 2 of the Orcish
                  | Mines)
 21934 | Orc:2    | Bought a scroll of identify for 36 gold pieces
 22137 | Elf:1    | Entered Level 1 of the Elven Halls
 22144 | Elf:1    | Reached XP level 17. HP: 113/113 MP: 24/24
 22194 | Elf:1    | Found Facrimog's Magic Scroll Boutique.
 22199 | Elf:1    | Bought a scroll of identify for 30 gold pieces
 22199 | Elf:1    | Bought a scroll of identify for 30 gold pieces
 22367 | Elf:1    | Found Inyodghust's Book Shoppe.
 22414 | Elf:1    | Noticed an Executioner
 22425 | Arena    | Entered the Arena
 22526 | Elf:1    | Reached skill level 10 in Stealth
 22543 | Elf:1    | Found a runed translucent gate.
 22543 | Elf:1    | Found a runed translucent gate.
 22543 | Elf:1    | Found a runed translucent gate.
 22543 | Elf:1    | Found a runed translucent gate.
 22544 | Elf:1    | Found a runed translucent gate.
 22544 | Elf:1    | Noticed a storm dragon
 22545 | Elf:1    | Identified the +0 ring mail "Migipang" {Harm Rampage rC+}
 22551 | Elf:1    | Found a runed translucent gate.
 22551 | Elf:1    | Noticed a storm dragon
 22588 | Elf:1    | Found Baphaw's Book Shoppe.
 22588 | Elf:1    | Found Quxicets's Book Shoppe.
 22589 | Elf:1    | Found Ucapagi's Jewellery Boutique.
 22840 | Elf:1    | Found Woot Elo's Weapon Emporium.
 23064 | Elf:2    | Received a gift from Okawaru
 23069 | Elf:2    | Paralysed by an air elemental for 1 turns
 23376 | Elf:2    | Received a gift from Okawaru
 23458 | Elf:2    | Paralysed by an air elemental for 1 turns
 23569 | Elf:2    | Reached skill level 15 in Dodging
 23717 | Elf:2    | Found a runed translucent door.
 23744 | Elf:2    | Found a runed translucent door.
 23875 | Elf:2    | Found Mimatuepp's Distillery.
 23881 | Elf:2    | Bought 2 potions of mutation for 288 gold pieces
 23881 | Elf:2    | Bought 2 potions of heal wounds for 180 gold pieces
 23881 | Elf:2    | Gained mutation: Your spells are a little easier to cast,
                  | but a little less powerful. [potion of mutation]
 23881 | Elf:2    | Gained mutation: You are agile. (Dex +4, Str/Int -1)
                  | [potion of mutation]
 23908 | Elf:2    | Identified the +1 ring mail of the Stone Wall {rC+ rN+
                  | Will- Int+3}
 23961 | Elf:2    | Identified the +1 plate armour "Vuirusuj" {Int+4} (Okawaru
                  | gifted it to you on level 2 of the Elven Halls)
 23961 | Elf:2    | Received a gift from Okawaru
 24014 | Elf:2    | Found Olon Ewu's Book Shoppe.
 24267 | Elf:2    | Reached XP level 18. HP: 41/119 MP: 23/25
 24498 | Elf:2    | Noticed a deep elf blademaster
 24505 | Elf:2    | Killed a deep elf blademaster
 24529 | Arena    | Entered the Arena
 25157 | Elf:3    | Entered Level 3 of the Elven Halls
 25212 | Elf:3    | Found an ancient bone altar of Kikubaaqudgha.
 25233 | Elf:3    | Noticed Saint Roka
 25248 | Elf:3    | Killed Saint Roka
 25554 | Elf:3    | Noticed an Executioner
 25567 | Elf:3    | Received a gift from Okawaru
 25582 | Elf:3    | Reached skill level 15 in Evocations
 25583 | Elf:3    | Noticed Louise
 25588 | Elf:3    | Noticed a deep elf master archer
 25591 | Elf:3    | Noticed a deep elf blademaster
 25603 | Elf:3    | Killed a deep elf blademaster
 25687 | Elf:3    | Killed a deep elf master archer
 25690 | Elf:3    | Identified the amulet of Bemp {RegenMP Dex+3}
 25690 | Elf:3    | Noticed a deep elf master archer
 25693 | Elf:3    | Killed a deep elf master archer
 25698 | Abyss:2  | Cast into level 2 of the Abyss (Louise)
 25781 | Abyss:2  | Reached skill level 21 in Ranged Weapons
 25991 | Abyss:2  | Reached XP level 19. HP: 124/124 MP: 26/26
 25991 | Abyss:2  | Noticed a profane servitor
 26027 | Abyss:2  | Killed a profane servitor
 26064 | Abyss:2  | Noticed a bone dragon
 26077 | Abyss:2  | Killed a bone dragon
 26155 | Elf:3    | Escaped the Abyss
 26164 | Elf:3    | Received a gift from Okawaru
 26179 | Elf:3    | Killed Louise
 26179 | Elf:3    | Identified the ring "Uffemema" {rC+ Dex+6}
 26180 | Elf:3    | Reached skill level 22 in Ranged Weapons
 26217 | Elf:3    | Noticed a deep elf blademaster
 26241 | Elf:3    | Killed a deep elf blademaster
 26504 | Elf:3    | Got Pereh's Anthology of the Harmful Spider
 26617 | Elf:3    | Got Atoyjet's Incunable of Immolation and Summoning
 26624 | Elf:3    | Identified the +5 arbalest "Grim" {elec, rCorr}
 26848 | Elf:3    | Identified the +4 buckler of Xujo {rN+ Str+3}
 26862 | Elf:3    | Found Fecustru's Assorted Antiques.
 26867 | Elf:3    | Bought an encrusted helmet for 285 gold pieces
 26867 | Elf:3    | Identified the +0 helmet "Duwkyats" {Rampage Str+3} (You
                  | bought it in a shop on level 3 of the Elven Halls)
 27504 | Elf:3    | Bought a murky amethyst potion for 27 gold pieces
 27504 | Elf:3    | Bought a bubbling inky potion for 27 gold pieces
 27776 | Shoals:1 | Entered Level 1 of the Shoals
 28009 | Shoals:1 | Reached skill level 23 in Ranged Weapons
 28864 | Shoals:2 | Received a gift from Okawaru
 28958 | Shoals:2 | Found a runed translucent door.
 29129 | Shoals:2 | Reached skill level 24 in Ranged Weapons
 29755 | Shoals:2 | Received a gift from Okawaru
 30284 | Shoals:3 | Reached skill level 25 in Ranged Weapons
 30288 | Shoals:3 | Reached XP level 20. HP: 95/129 MP: 27/27
 30932 | Shoals:3 | Received a gift from Okawaru
 31264 | Shoals:4 | Entered Level 4 of the Shoals
 31282 | Shoals:4 | Lost mutation: You are agile. (Dex +4, Str/Int -1) [potion
                  | of mutation]
 31282 | Shoals:4 | Lost mutation: Your spells are a little easier to cast, but
                  | a little less powerful. [potion of mutation]
 31282 | Shoals:4 | Gained mutation: Your spells are a little harder to cast,
                  | but a little more powerful. [potion of mutation]
 31283 | Shoals:4 | Lost mutation: Your spells are a little harder to cast, but
                  | a little more powerful. [potion of mutation]
 31283 | Shoals:4 | Gained mutation: You have large cloven feet. [potion of
                  | mutation]
 31283 | Shoals:4 | Gained mutation: Your spells are a little harder to cast,
                  | but a little more powerful. [potion of mutation]
 31283 | Shoals:4 | Gained mutation: You are dopey. (Int -2) [potion of
                  | mutation]
 31284 | Shoals:4 | Lost mutation: You are dopey. (Int -2) [potion of mutation]
 31284 | Shoals:4 | Lost mutation: Your spells are a little harder to cast, but
                  | a little more powerful. [potion of mutation]
 31284 | Shoals:4 | Gained mutation: You occasionally lose the ability to read
                  | scrolls when taking damage. [potion of mutation]
 31284 | Shoals:4 | Gained mutation: You are partially covered in large bone
                  | plates. (SH +4) [potion of mutation]
 31379 | Shoals:4 | Identified the +6 falchion of the Swamp {vamp, rN+ Str-3
                  | Dex+4}
 31458 | Shoals:4 | Found a glowing golden altar of the Shining One.
 31468 | Shoals:4 | Identified the +5 leather armour of Indomitability {Will+
                  | Dex+3 Slay-2}
 31668 | Shoals:4 | Identified the +0 chain mail of Insatiable Hunger {Int+4
                  | Stlth+}
 31702 | Shoals:4 | Identified the +5 sling of Balance {freeze, rCorr Str+4}
                  | (Okawaru gifted it to you on level 4 of the Shoals)
 31702 | Shoals:4 | Received a gift from Okawaru
 31743 | Shoals:4 | Found a glowing silver altar of Zin.
 31755 | Shoals:4 | Got Ymeze's Directory of the Burn and Topography
 32079 | Shoals:4 | Found a white marble altar of Elyvilon.
 32092 | Shoals:4 | Got a barnacled rune of Zot
 32551 | D:15     | Entered Level 15 of the Dungeon
 32638 | D:15     | Received a gift from Okawaru
 32790 | D:15     | Found a staircase to the Depths.
 33628 | Spider:1 | Entered Level 1 of the Spider Nest
 34328 | Elf:1    | Bought a ring of resist corrosion for 280 gold pieces
 35213 | Spider:1 | Received a gift from Okawaru
 35234 | Spider:1 | Reached XP level 21. HP: 144/144 MP: 28/28
 35738 | Spider:2 | Noticed Arachne
 35750 | Spider:2 | Killed Arachne
 35905 | Spider:2 | Identified the +0 helmet of Compression {Stlth+} (Okawaru
                  | gifted it to you on level 2 of the Spider Nest)
 35905 | Spider:2 | Received a gift from Okawaru
 36280 | Spider:2 | Noticed Roxanne
 36290 | Spider:2 | Killed Roxanne
 36334 | Spider:2 | Identified the +1 chain mail of Past Mistakes {rC+ Dex+2}
 36592 | Spider:3 | Noticed Jorgrun
 36604 | Spider:3 | Slain by a pharaoh ant

Illustrated notes

Levels and vault maps discovered:
D:1:      onia_arrival_zoo_common, layout_basic, serial_shops, shop,
          st_stairs_14
D:2:      layout_basic
D:3:      corexii_shack_village, layout_loops_ring, elyvilon_altar_3,
          ebering_ghost_reflecting_pool, serial_shops, shop, uniq_natasha
D:4:      layout_loops_corners, temple_statues, uniq_crazy_yiuf_cottage
D:5:      layout_basic, gammafunk_temple_overflow_pools, corexii_corridor_pit
D:6:      layout_cave_pods, bloody_makhleb
D:7:      layout_loops_corners, kennysheep_mini, serial_shops,
          nicolae_shop_drivethru, nicolae_shop_back_alley_shop, shop,
          uniq_duvessa
D:8:      layout_basic, lemuel_round_altar, nicolae_qazlal_scattered_showers
D:9:      layout_loops_ring, amethyst_overflow_temple_binary, erik_lair_island
D:10:     layout_cave_pools, slow_altar_2, orc_0_dummy
D:11:     layout_stronghold, chequers_serial_rivers_small_a,
          corexii_hall_statues_t, uniq_lodul
D:12:     layout_irregular_city, minmay_misc_feat_room
D:13:     layout_long_grid, david_vaults_2, fedhas_altar_3, uniq_josephine
D:14:     layout_roguey
D:15:     grunt_enter_depths_snipers, layout_irregular_city
Temple:   hellmonk_temple_forest_ring
Lair:1:   layout_layer_cave, grunt_forest_large_clearings
Lair:2:   wander_river, layout_small_grid, nicolae_quartered_pool_super
Lair:3:   layout_gridlike, elwin_shoals_entry_rooms,
          nicolae_spider_entry_tight_spaces
Lair:4:   layout_roguey, serial_bayou_shore_a, grunt_megastairs_3,
          serial_bayou_shore_b, infiniplex_staircase_pool, uniq_rupert
Lair:5:   hellmonk_lair_end_abyssal_woods, layout_cave_pods,
          minmay_slime_entry_oklob_enclosed
Shoals:1: layout_shoals
Shoals:2: layout_shoals, lightli_airlock
Shoals:3: layout_shoals
Shoals:4: shoals_end_hellmonk_holy_island
Spider:1: nicolae_spider_brood_tunnel, nicolae_spider_paper_wasps
Spider:2: layout_spider_delve, uniq_arachne, uniq_roxanne
Spider:3: layout_spider_delve, uniq_jorgrun
Orc:1:    layout_caves, serial_shops, nicolae_shop_window_shopping,
          minmay_orc_treasury
Orc:2:    st_orc_pillars, layout_diamond_mine
Elf:1:    nicolae_elf_arrival_fired_up, layout_loops_cross, serial_shops, shop,
          nicolae_take_the_stairs, shop, orc_legates, minmay_shop_grove
Elf:2:    nicolae_elf_blades_splatter_lattice
          [nicolae_blade_entry_splitting_headache], layout_loops_ring,
          grunt_megastairs_4, minmay_shoptagon
Elf:3:    elf_hall_gauntlet_narrow, layout_geoelf_castle, serial_shops,
          nicolae_shop_dealshenge, basic_altar, hangedman_elf_targeted_burst,
          uniq_louise, uniq_saint_roka

Skill      XL: |  1  2  3  4  5  6  7  8  9 10 11 12 13 14 15 16 17 18 19 20 21 |
---------------+----------------------------------------------------------------+-----
Fighting       | 3 4 5 9 10 14 15 19 20 | 20.0
Ranged Weapons | 7 8 10 13 15 20 21 25 | 25.0
Dodging        | 4 6 12 16 | 16.0
Invocations    | 3 10 | 10.0
Shields        | 3 6 10 | 10.0
Evocations     | 10 15 | 15.0
Armour         | 1 9 10 | 10.3
Stealth        | 6 10 | 10.0

Action                     |  1- 3 |  4- 6 |  7- 9 | 10-12 | 13-15 | 16-18 | 19-21 || total
---------------------------+-------+-------+-------+-------+-------+-------+-------++-------
  Melee: Sling             |       |       |       |     3 |       |     2 |       ||     5
         Hand cannon       |       |       |       |       |       |       |     2 ||     2
   Fire: Shortbow          |    78 |       |       |       |       |       |       ||    78
         Orcbow            |     4 |    12 |       |       |       |       |       ||    16
         Sling             |       |    45 |   189 |   346 |   921 |  1064 |  1047 ||  3612
         Hand cannon       |       |       |       |       |       |       |   254 ||   254
 Invoke: Heroism           |       |       |       |       |    11 |    18 |    19 ||    48
         Finesse           |       |       |       |       |     1 |     2 |     2 ||     5
         Duel              |       |       |       |       |       |     2 |       ||     2
Ability: Evoke Blink       |       |       |       |       |     1 |       |       ||     1
  Evoke: Wand              |       |       |       |       |     1 |     1 |       ||     2
         Lightning rod     |       |       |       |       |       |     5 |       ||     5
    Use: Scroll            |     4 |     1 |     5 |     4 |     6 |    12 |    15 ||    47
         Potion            |       |       |     1 |     1 |     2 |     5 |     4 ||    13
 Armour: Leather armour    |    16 |     7 |    37 |     9 |       |       |       ||    69
         Troll leather arm |       |       |       |   105 |     8 |       |       ||   113
         Ring mail         |       |       |       |       |   405 |   273 |   514 ||  1192
  Dodge: Dodged            |    31 |     6 |    59 |   218 |   917 |   744 |  1214 ||  3189
         Repelled          |       |       |       |       |       |    15 |     8 ||    23
  Block: Other             |       |       |       |     9 |       |       |       ||     9
         Reflection        |       |       |       |     1 |       |     5 |    61 ||    67
         Buckler           |       |       |       |    16 |   534 |   442 |       ||   992
         Kite shield       |       |       |       |     3 |       |    26 |  1432 ||  1461

Table legend: (Time is in decaauts)
 A = Elapsed time spent in this place.
 B = Non-inter-level travel time spent in this place.
 C = Inter-level travel time spent in this place.
 D = Time resting spent in this place.
 E = Time spent auto-exploring this place.
 F = Levels seen in this place.
 G = Mean time per level.
                   A        B        C        D        E       F      G
               +--------+--------+--------+--------+--------+-----+--------+
         Total |  38035 |  35061 |   2974 |   3867 |  23971 |  37 | 1028.0 |
       Dungeon |  15705 |  14417 |   1288 |    634 |  11976 |  15 | 1047.0 |
        Temple |     37 |      1 |     36 |      0 |      0 |   1 |   37.0 |
          Lair |   7272 |   6609 |    663 |    708 |   4473 |   5 | 1454.4 |
        Shoals |   5177 |   4911 |    266 |    678 |   2957 |   4 | 1294.2 |
   Spider Nest |   2035 |   2013 |     22 |    507 |    988 |   3 |  678.3 |
  Orcish Mines |   1805 |   1557 |    248 |    120 |    960 |   2 |  902.5 |
   Elven Halls |   5185 |   4737 |    448 |   1102 |   2473 |   3 | 1728.3 |
         Abyss |    740 |    740 |      0 |     91 |    142 |   2 |  370.0 |
         Arena |     74 |     74 |      0 |     26 |      0 |   2 |   37.0 |
               +--------+--------+--------+--------+--------+-----+--------+

Top non-repeatable levels by time:
   Elf:2: 1955 daAuts
   Elf:3: 1932 daAuts
Shoals:3: 1769 daAuts
  Lair:3: 1666 daAuts
  Lair:5: 1560 daAuts
Shoals:2: 1555 daAuts
  Lair:1: 1542 daAuts
     D:7: 1472 daAuts
    D:11: 1395 daAuts
   Elf:1: 1298 daAuts
  Lair:2: 1282 daAuts
     D:9: 1264 daAuts
     D:4: 1244 daAuts
  Lair:4: 1220 daAuts
     D:1: 1120 daAuts
